 Dungeon Crawl Stone Soup version 0.27-a0-1136-g0b992a5a9d (webtiles) character file.

Game seed: 16067936026700678988

3211 BiliBili the Geomancer (level 9, -4/51 HPs)
             Began as a Gargoyle Earth Elementalist on May 5, 2021.
             Was a Follower of Vehumet.
             Splashed by an acid dragon's acid (17 damage)
             ... on level 7 of the Dungeon.
             The game lasted 00:16:24 (7424 turns).

BiliBili the Geomancer (GrEE)                       Turns: 7424, Time: 00:16:25

Health: -4/51      AC:  9    Str: 16    XL:     9   Next: 97%
Magic:  2/18       EV: 12    Int: 19    God:    Vehumet [*.....]
Gold:   588        SH:  0    Dex: 10    Spells: 11/20 levels left

rFire    . . .     SeeInvis .   q - +5 great mace "Hairam" {vorpal, Fly Str+4}
rCold    . . .     Faith    .   (shield currently unavailable)
rNeg     + . .     Spirit   .   c - +0 robe
rPois    ∞         Reflect  .   (no helmet)
rElec    +         Harm     .   (no cloak)
rCorr    .         Rampage  .   n - +1 pair of gloves
Will     +....                  m - +2 pair of boots {Stlth+}
Stlth    +++.......             u - amulet of regeneration
HPRegen  1.17/turn              t - ring of willpower
MPRegen  0.16/turn              (no ring)

@: corroded, flying
A: sickness immunity, AC +6, negative energy resistance 1, electricity
resistance, torment resistance 1, unbreathing 1, petrification resistance, no
potion heal 1
a: Renounce Religion


You were on level 7 of the Dungeon.
You worshipped Vehumet.
Vehumet was aware of your devotion.
You visited 2 branches of the dungeon, and saw 8 of its levels.
You also visited: Ossuary.

You collected 588 gold pieces.

Inventory:

Hand Weapons
 l - the +5 falchion "Qemuc" {vamp, rF+ Int+3}
   (You found it on level 7 of the Dungeon)

   It inflicts no extra harm, but heals its wielder when it wounds a living foe.
   It affects your intelligence (+3).
   It protects you from fire.
 q - the +5 great mace "Hairam" (weapon) {vorpal, Fly Str+4}
   (You found it on level 4 of the Dungeon)

   It inflicts extra damage upon your enemies.
   It affects your strength (+4).
   It grants you flight.
 B - a +0 flail
Missiles
 a - a throwing net
 b - 88 stones
Armour
 c - a +0 robe (worn)
 m - a +2 pair of boots of stealth (worn)
 n - a +1 pair of gloves (worn)
Magical Staves
 i - a staff of cold
Jewellery
 t - a ring of willpower (left hand)
 u - an amulet of regeneration (around neck)
Wands
 j - a wand of polymorph (14)
 r - a wand of flame (10)
 w - a wand of paralysis (3)
Scrolls
 p - 3 scrolls of teleportation
 y - 2 scrolls of amnesia
 A - 2 scrolls of immolation
Potions
 d - a potion of lignification
 e - 3 potions of attraction {unknown}
 f - 4 potions of heal wounds
 g - 5 potions of curing
 h - a potion of brilliance {unknown}
 k - a potion of haste
 s - 4 potions of flight
 v - a potion of resistance {unknown}
 x - a potion of berserk rage {unknown}
 z - a potion of might {unknown}


   Skills:
 + Level 3.2 Fighting
 + Level 3.0 Maces & Flails
 + Level 3.1 Armour
 + Level 3.2 Dodging
 - Level 2.1 Stealth
 + Level 6.4 Spellcasting
 + Level 6.8 Conjurations
 - Level 0.7 Transmutations
 + Level 8.9 Earth Magic
 + Level 2.7 Evocations


You had 11 spell levels left.
You knew the following spells:

 Your Spells              Type           Power      Damage    Failure   Level
a - Sandblast             Erth           80%        2d17      1%          1
b - Stone Arrow           Conj/Erth      72%        3d11      1%          3
c - Lee's Rapid Deconstr  Erth           20%        3d13*     8%          5

Your spell library contained the following spells:

 Spells                   Type           Power      Damage    Failure   Level
 Foxfire                  Conj/Fire      76%        2x1d7     2%          1
 Magic Dart               Conj           100%       1d8       1%          1
 Searing Ray              Conj           64%        3d5       1%          2
 Passwall                 Tmut/Erth      20%        N/A       2%          2
 Beastly Appendage        Tmut           16%        N/A       8%          1
 Conjure Flame            Conj/Fire      19%        6-21      8%          3
 Dazzling Flash           Conj/Hex       38%        N/A       8%          3
 Wereblood                Tmut           8%         N/A       12%         2
 Mephitic Cloud           Conj/Pois/Air  14%        N/A       13%         3
 Petrify                  Tmut/Erth      24%        N/A       14%         4
 Blink                    Tloc           N/A        N/A       16%         2
 Call Imp                 Summ           6%         N/A       16%         2
 Slow                     Hex            6%         N/A       16%         2
 Fulminant Prism          Conj/Hex       9%         3d7       26%         4
 Iskenderun's Mystic Bla  Conj/Tloc      19%        2d6       26%         4
 Spider Form              Tmut/Pois      3%         N/A       28%         3
 Ice Form                 Ice/Tmut       7%         N/A       67%         4
 Hydra Form               Tmut           4%         N/A       91%         5


Dungeon Overview and Level Annotations

Branches:
Dungeon (7/15)             Temple (1/1) D:4         Ossuary (visited)

Altars:
Ashenzari
Cheibriados
Dithmenos
Fedhas
Makhleb
Nemelex Xobeh
Okawaru
Qazlal
Ru
Sif Muna
Trog
Uskayaw
Vehumet
Wu Jian
Xom
Yredelemnul
Zin
The Shining One

Shops:
D:5 (


Innate Abilities, Weirdness & Mutations

You are immune to sickness and miasma.
Your stone body is resilient. (AC +6)
You are immune to poison.
You resist negative energy. (rN+)
You are resistant to electric shocks. (rElec)
You are resistant to unholy torment.
You can survive without breathing.
You are immune to petrification.
Potions are less effective at restoring your health.


Message History

You start resting.
A troll comes into view.
A troll is nearby!
Aiming: Paralyse
Press: ? - help, Shift-Dir - straight line, f - troll
Aim: a troll (wandering, hasn't noticed you, chance to affect: 53%)
The troll shouts!
The troll resists with significant effort.
Aiming: Paralyse
Press: ? - help, Shift-Dir - straight line, f/p - troll
Aim: a troll (chance to affect: 53%)
The troll suddenly stops moving!
Casting: Stone Arrow (safe; 1% risk of failure)
Confirm with . or Enter, or press ? or * to list all spells.
Aiming: Stone Arrow (safe; 1% risk of failure)
Press: ? - help, Shift-Dir - straight line, f/p - troll
Aim: a troll (paralysed, 100% to hit)
Okay, then.
Casting: Stone Arrow (safe; 1% risk of failure)
Confirm with . or Enter, or press ? or * to list all spells.
Aiming: Sandblast (safe; 1% risk of failure)
Press: ? - help, Shift-Dir - straight line, f/p - troll
Aim: a troll (paralysed, 100% to hit)
The blast of sand hits the troll!!
The troll is heavily wounded.
You hear a roar!
An acid dragon comes into view.
Casting: Sandblast (safe; 1% risk of failure)
Confirm with . or Enter, or press ? or * to list all spells.
Aiming: Sandblast (safe; 1% risk of failure)
Press: ? - help, Shift-Dir - straight line, f/p - troll
Aim: a troll (heavily wounded, paralysed, 100% to hit)
The blast of sand hits the troll!!
You kill the troll!
Vehumet accepts your kill. The acid dragon spits acid at you.
The splash of acid hits you!
* * * LOW HITPOINT WARNING * * *
The acid corrodes you!
You are splashed with acid!
You die...

........##...........##...#...
..#.....#.....................
#......[##...##.........#...
#......###.##..).....#.....#
##.........................#
#.....###'###.....###'###..
#....##.##..##...##.....##. ##
#...##.#.###.##.##..###..##
...##..##.###(@##.###..##[#...#
..)....#.## ###.##.#..##..#.8.)
.......#.# #)#.#.##...#...#
.......'.# D#.'##..#.#..##
.......#.# #.##.†.#...##.
.......#.## ##.#..8.#..##..
....#..##.## ##.###...#.##..#
... #.. ##.#####.## ##..###..##
.. #.. ##.....## ##.....##.


You could see an acid dragon (catching breath).

Vanquished Creatures
  A cyclops (D:7)
  A troll (D:7)
  2 yaks (D:7)
  A water moccasin (D:5)
  Duvessa (D:5)
  2 sky beasts (D:6)
  A hornet zombie (D:6)
  2 orc warriors
  2 ogres (D:5)
  A black bear (D:7)
  A phantom (D:6)
  A kobold brigand (D:7)
  2 gnoll sergeants (D:6)
  2 scorpions (D:5)
  Dowan (D:5)
  5 wights (D:7)
  An electric eel (D:6)
  A jelly (D:4)
  3 bullfrog skeletons
  2 orc priests (D:6)
  4 hounds
  2 iguanas
  2 orc wizards
  2 killer bee zombies (D:7)
  9 mummies
  15 gnolls
  11 adders
  A shadow imp (D:6)
  A white imp (D:5)
  An ufetubus (D:4)
  2 adder skeletons (D:4)
  A worm (D:2)
  4 dart slugs
  2 orcs (D:6)
  6 bats
  4 endoplasms
  2 giant cockroaches
  10 goblins
  5 hobgoblins
  11 jackals
  3 quokkas
  8 ball pythons
  3 frilled lizards
  3 hobgoblin zombies
  14 kobolds
  6 kobold zombies
  An orc zombie (Ossuary)
  7 rats
173 creatures vanquished.

Vanquished Creatures (others)
  10 plants (D:1)
10 creatures vanquished.

Grand Total: 183 creatures vanquished

Notes
Turn   | Place    | Note
-------+----------+-------------------------------------------
     0 | D:1      | BiliBili the Gargoyle Earth Elementalist began the quest
                  | for the Orb.
     0 | D:1      | Reached XP level 1. HP: 10/10 MP: 3/3
   327 | D:1      | Reached XP level 2. HP: 10/15 MP: 5/5
   328 | D:1      | Reached skill level 4 in Earth Magic
   443 | D:1      | Found a faded altar of an unknown god.
   957 | D:1      | Reached XP level 3. HP: 14/19 MP: 6/6
  1427 | D:2      | Found a sparkling altar of Nemelex Xobeh.
  1443 | D:2      | Learned a level 3 spell: Stone Arrow
  1688 | D:2      | Reached XP level 4. HP: 18/24 MP: 8/8
  2633 | D:3      | Identified a scroll of acquirement
  2633 | D:3      | Acquired a +2 pair of boots of stealth
  2666 | D:3      | Reached skill level 1 in Conjurations
  2818 | D:3      | Reached skill level 5 in Earth Magic
  3047 | D:3      | Reached XP level 5. HP: 28/28 MP: 9/9
  3053 | D:3      | Learned a level 5 spell: Lee's Rapid Deconstruction
  3065 | D:3      | Found a sparkling altar of Nemelex Xobeh.
  3444 | D:4      | Identified the +5 great mace "Hairam" {vorpal, Fly Str+4}
  3689 | D:4      | Reached XP level 6. HP: 32/32 MP: 7/11
  4026 | D:4      | Found a staircase to the Ecumenical Temple.
  4047 | Temple   | Entered the Ecumenical Temple
  4353 | D:5      | Entered Level 5 of the Dungeon
  4379 | D:5      | Gained mutation: Potions are less effective at restoring
                  | your health. [potion of mutation]
  4382 | D:5      | Noticed Dowan
  4383 | D:5      | Noticed Duvessa
  4405 | D:5      | Killed Duvessa
  4406 | D:5      | Reached skill level 6 in Earth Magic
  4408 | D:5      | Killed Dowan
  4409 | D:5      | Reached XP level 7. HP: 33/36 MP: 0/13
  4739 | D:5      | Found a sacrificial altar of Ru.
  4741 | D:5      | Found a bloodstained altar of Trog.
  4880 | D:5      | Reached skill level 5 in Spellcasting
  4880 | D:5      | Reached skill level 7 in Earth Magic
  4956 | D:5      | Reached XP level 8. HP: 29/41 MP: 15/15
  5140 | D:5      | Found Nasm's Antique Weapon Shoppe.
  5417 | D:6      | Reached skill level 5 in Conjurations
  5496 | D:6      | Found a large runed translucent door.
  5496 | D:6      | Found a large runed translucent door.
  5537 | D:6      | Reached skill level 8 in Earth Magic
  5546 | D:6      | Found a sand-covered staircase.
  5555 | Ossuary  | Entered an ossuary
  6428 | D:6      | Reached skill level 1 in Fighting
  6523 | D:6      | Reached skill level 1 in Maces & Flails
  6523 | D:6      | Reached skill level 1 in Armour
  6523 | D:6      | Reached skill level 1 in Evocations
  6709 | D:6      | Reached XP level 9. HP: 47/47 MP: 11/17
  6858 | D:6      | Found a blossoming altar of Fedhas.
  6911 | D:6      | Found a basalt altar of Yredelemnul.
  6926 | D:6      | Found a radiant altar of Vehumet.
  6943 | D:6      | Became a worshipper of Vehumet
  7260 | D:7      | Reached * piety under Vehumet
  7260 | D:7      | Offered knowledge of Foxfire by Vehumet.
  7380 | D:7      | Identified the +5 falchion "Qemuc" {vamp, rF+ Int+3}
  7382 | D:7      | Noticed a cyclops
  7389 | D:7      | Killed a cyclops
  7412 | D:7      | Identified the +6 scale mail of Conscience {Harm}
  7420 | D:7      | Noticed a troll
  7424 | D:7      | Killed a troll
  7424 | D:7      | Splashed by an acid dragon's acid

Illustrated notes

Levels and vault maps discovered:
D:1:      roderic_crop_circles_arrival_small, layout_basic,
          basic_ecumenical_altar
D:2:      layout_basic, basic_altar
D:3:      layout_rooms, nemelex_spade_bored_becter, kennysheep_generic_room_4
D:4:      layout_loops_ring, minmay_temple_entry_purple_smoke
D:5:      layout_loops_cross, chequers_temple_overflow_statue_of_worship,
          serial_shops, shop, uniq_duvessa
D:6:      layout_basic, fedhas_altar_1, jmf_multi_god_temple2,
          nicolae_ossuary_entry_giza, eino_curves_01, minivault_26,
          lightli_minifort
D:7:      minmay_the_grid_octo_2x2 [minmay_the_grid_octo_77,
          minmay_the_grid_octo_empty, minmay_the_grid_octo_tetromino_candy,
          minmay_the_grid_octo_prize_single_spiral], layout_cave_pools,
          item_on_display_a
Temple:   hc_temple_tempest_star

Skill      XL: |  1  2  3  4  5  6  7  8  9 |
---------------+----------------------------+-----
Earth Magic    | 4 5 6 7 8 |  8.9
Spellcasting   | 3 4 5 6 |  6.4
Conjurations   | 1 2 3 4 6 |  6.8
Fighting       | 1 3 |  3.2
Maces & Flails | 1 3 |  3.0
Armour         | 1 3 |  3.1
Dodging        | 2 3 |  3.2
Evocations     | 1 2 |  2.7
Stealth        | |  2.1
Transmutations | |  0.7

Action                   |  1- 3 |  4- 6 |  7- 9 || total
-------------------------+-------+-------+-------++-------
Melee: Dagger            |    72 |   198 |    57 ||   327
       Unarmed           |     3 |       |       ||     3
       Great mace        |       |       |   132 ||   132
 Cast: Sandblast         |    25 |    19 |    28 ||    72
       Stone Arrow       |       |     4 |    20 ||    24
       Lee's Rapid Decon |       |       |     8 ||     8
Evoke: Wand              |       |     3 |     3 ||     6
  Use: Scroll            |     2 |     8 |     3 ||    13
       Potion            |       |     2 |       ||     2
 Stab: Sleeping          |     1 |     9 |     4 ||    14
       Paralysed         |       |     3 |     5 ||     8
Armor: Robe              |    38 |   110 |   157 ||   305
Dodge: Dodged            |    49 |   132 |   155 ||   336

Table legend: (Time is in decaauts)
 A = Elapsed time spent in this place.
 B = Non-inter-level travel time spent in this place.
 C = Inter-level travel time spent in this place.
 D = Time resting spent in this place.
 E = Time spent auto-exploring this place.
 F = Levels seen in this place.
 G = Mean time per level.
                   A        B        C        D        E       F      G
               +--------+--------+--------+--------+--------+-----+--------+
         Total |   7529 |   7367 |    162 |    983 |   4746 |   9 |  836.6 |
       Dungeon |   6602 |   6459 |    143 |    539 |   4483 |   7 |  943.1 |
        Temple |    185 |    166 |     19 |      0 |    166 |   1 |  185.0 |
       Ossuary |    741 |    741 |      0 |    444 |     97 |   1 |  741.0 |
               +--------+--------+--------+--------+--------+-----+--------+

Top non-repeatable levels by time:
     D:2: 1427 daAuts
     D:1: 1203 daAuts
     D:5: 1022 daAuts
     D:6: 906 daAuts
     D:4: 868 daAuts
 Ossuary: 741 daAuts
     D:3: 689 daAuts
     D:7: 484 daAuts
  Temple: 185 daAuts
